AoeStats
← MatzeAoE

Arena

505068635Analyzed
1v1 RM · 25d ago on Sep 7, 2026· 27m 56s· 2 players
Game mode
Random Map
Map size
Tiny (2 player)
Population
200
Speed
Normal
Resources
Standard
Victory
Conquest
Starting age
Dark Age
Ending age
Imperial Age
RankedLock teamsTeams togetherTeam positionsShared explorationLock speedFull tech treeHidden civsTurbo modeCheats
Victory
Defeat
🇩🇪 Mapuche · Germany
2024
+15
🇨🇴 Inca · Colombia
1992
-15
NuMa | OliverAtom
11:20 Feudal Age
15:01 Castle Age
13:07 Double-Bit Axe
13:24 Horse Collar
15:57 Bow Saw
16:08 Heavy Plow
17:01 Wheelbarrow
16:12 Loom
17:35 Stone Mining
20:21 Gold Mining
27:54 Imperial Age
MatzeAoE
11:31 Feudal Age
12:54 Double-Bit Axe
15:18 Castle Age
13:23 Horse Collar
Connection lost

Rejoining the realm…

Still unreachable

The connection could not be restored.

Session expired

The server has moved on; the page needs a fresh start.